 Dungeon Crawl Stone Soup version 0.20-a0-892-gbf43aa3 (webtiles) character file.

48 BrendanD the Slasher (level 3, -1/27 HPs)
             Began as a Demonspawn Gladiator on Mar 16, 2017.
             Killed from afar by Sigmund (10 damage)
             ... with a puff of flame
             ... on level 2 of the Dungeon.
             The game lasted 00:05:09 (1197 turns).

BrendanD the Slasher (Demonspawn Gladiator)         Turns: 1197, Time: 00:05:10

Health: -1/27      AC:  9    Str: 17    XL:     3   Next: 50%
Magic:  3/3        EV:  8    Int:  9    God:
Gold:   75         SH:  0    Dex: 15    Spells: 2/2 levels left

rFire    . . .     SeeInvis .   a - +0 long sword
rCold    . . .     Gourm    .   m - +0 chain mail
rNeg     . . .     Faith    .   (no shield)
rPois    .         Spirit   .   c - +0 helmet
rElec    .         Reflect  .   (no cloak)
rCorr    .         Harm     .   (no gloves)
MR       .....                  (no boots)
Stlth    ..........             (no amulet)
Regen    0.1/turn               h - +3 ring of strength
MPRegen  0.1/turn               e - ring of stealth

@: no status effects
A: claws 1, talons 1
a: no special abilities


You were on level 2 of the Dungeon.
You were not hungry.

You visited 1 branch of the dungeon, and saw 2 of its levels.

You collected 75 gold pieces.

Inventory:

Hand Weapons
 a - a +0 long sword (weapon)
Missiles
 d - 3 throwing nets (quivered)
Armour
 c - a +0 helmet (worn)
 m - a +0 chain mail (worn)
Jewellery
 e - a ring of stealth (left claw)
 h - a +3 ring of strength (right claw)
Scrolls
 b - a scroll of recharging {unknown}
 g - a scroll of enchant armour {unknown}
 j - a scroll of identify {unknown}
 k - a scroll of teleportation {unknown}
 l - a scroll of random uselessness {unknown}
 o - a scroll of magic mapping {unknown}
 q - 2 scrolls of remove curse {unknown}
Potions
 p - 2 potions of lignification {unknown}
Comestibles
 f - 3 bread rations
 n - a royal jelly


   Skills:
 - Level 2.0 Fighting
 * Level 4.1 Long Blades
 - Level 1.7 Throwing
 - Level 2.6 Dodging


You had 2 spell levels left.
You didn't know any spells.

Dungeon Overview and Level Annotations

Branches:
Dungeon (2/15)

Altars:
Ashenzari
Fedhas

Annotations:
D:2 Sigmund


Innate Abilities, Weirdness & Mutations

You have sharp fingernails.
You have sharp toenails.


Message History

Sorry, you're not good enough to have a special ability.
You closely miss Sigmund. Sigmund hits you with a scythe!
You closely miss Sigmund. Sigmund gestures at you while chanting.
You are confused.
You closely miss Sigmund. Your kick misses Sigmund.
Sigmund whispers, "You'll know eternity soon."
Sigmund hits you with a scythe.
* * * LOW HITPOINT WARNING * * *
You bump into the rock wall.
Sigmund barely misses you.
You barely miss Sigmund. Your kick misses Sigmund. Sigmund barely misses you.
You closely miss Sigmund. Your kick misses Sigmund.
Press: ? - help, . - travel You can't see that place. [a rock wall.]
You bump into the rock wall.
You feel less confused. Sigmund casts a spell at you.
The puff of flame hits you!
You die...

### #################.#
#.....)...........#
#.###############.# #.# ######
#.# #####.#####@...# #.#
#.........#@##.######)#####
.......###........PP....(...#
.................PPPP#......#
........##.......P_PP#......##
....#.. #......#PPP.P.......#.
.................PPP......>.#.
........#...#.................
. ##.....##.............#..
#.............#####..#..


You could see Sigmund.

Vanquished Creatures
  2 adders (D:2)
  An ooze (D:2)
  A leopard gecko (D:1)
  3 bats
  3 goblins (D:1)
  5 hobgoblins
  2 frilled lizards (D:1)
  3 kobolds
  5 rats (D:1)
25 creatures vanquished.

Notes
Turn   | Place    | Note
-------+----------+-------------------------------------------
     0 | D:1      | BrendanD the Demonspawn Gladiator began the quest for the Orb.
     0 | D:1      | Reached XP level 1. HP: 16/16 MP: 1/1
   197 | D:1      | Reached skill level 3 in Long Blades
   275 | D:1      | Gained mutation: You have sharp fingernails. [demonic ancestry]
   275 | D:1      | Reached XP level 2. HP: 17/22 MP: 2/2
   888 | D:2      | Found a shattered altar of Ashenzari.
   960 | D:2      | Gained mutation: You have sharp toenails. [demonic ancestry]
   960 | D:2      | Reached XP level 3. HP: 27/27 MP: 3/3
   987 | D:2      | Reached skill level 4 in Long Blades
  1005 | D:2      | Found a blossoming altar of Fedhas.
  1183 | D:2      | Noticed Sigmund
  1197 | D:2      | Killed from afar by Sigmund

Vault maps used:
D:1:      nicolae_arrival_washed_ashore
D:2:      nicolae_overflow_crystal_walls, fedhas_altar_3, uniq_terence,
          uniq_sigmund

Skill      XL: |  1  2  3 |
---------------+----------+-----
Long Blades    | 3 4 |  4.1
Fighting       | |  2.0
Throwing       | |  1.7
Dodging        | |  2.6

Action                   || total
-------------------------++-------
Melee: Long sword        ||    74
       Kick              ||     7
 Stab: Sleeping          ||     2
  Eat: Chunk             ||     1
Armor: Leather armour    ||     4
       Chain mail        ||    39
Dodge: Dodged            ||    38
       Rpst.: Long sword ||    13
